 Dungeon Crawl Stone Soup version 0.31-a0-1068-g5939ac1fb6 (webtiles) character file.

Game seed: 12557018754435766875

224 Azuregosa the Covert (level 6, -2/42 HPs)
             Began as an Octopode Delver on Nov 24, 2023.
             Slain by an ogre
             ... wielding a +0 giant club
              (32 damage)
             ... on level 4 of the Dungeon.
             The game lasted 00:07:36 (2788 turns).

Azuregosa the Covert (Octopode Delver)              Turns: 2788, Time: 00:07:36

Health: -2/42      AC:  1    Str: 12    XL:     6   Next: 0%
Magic:  7/7        EV: 13    Int: 14    God:
Gold:   241        SH:  0    Dex: 19    Spells: 4/7 levels left

rFire   . . .        l - +0 long sword
rCold   . . .        (no shield)
rNeg    . . .        (helmet restricted)
rPois   .            (no amulet)
rElec   .            i - +6 ring of dexterity
rCorr   .            p - +4 ring of slaying
SInv    .            s - ring of willpower
Will    +....        (no ring)
Stlth   ++++++       (no ring)
HPRegen 0.27/turn    (no ring)
MPRegen 0.10/turn    (no ring)
                     (no ring)

%: no passive effects
@: no status effects
A: almost no armour, amphibious, 8 rings, camouflage 1, gelatinous body 1,
(nimble swimmer 1), tentacles
a: no special abilities


You were on level 4 of the Dungeon.
You visited 1 branch of the dungeon, and saw 5 of its levels.

You collected 241 gold pieces.

Inventory:

Hand Weapons
 a - a +0 spear
 g - a +0 battleaxe
 l - a +0 long sword (weapon)
Missiles
 h - 51 stones
Jewellery
 i - a +6 ring of dexterity (left tentacle)
 p - a +4 ring of slaying (right tentacle)
 s - a ring of willpower (on tentacle)
Talismans
 x - a flux talisman
 y - a blade talisman
Wands
 f - a wand of digging (3)
Scrolls
 b - a scroll of fog
 c - a scroll of blinking {unknown}
 j - a scroll of teleportation {unknown}
 m - 4 scrolls of identify {unknown}
 q - a scroll of enchant weapon {unknown}
 r - a scroll of enchant armour {unknown}
 v - a scroll of amnesia {unknown}
Potions
 d - a potion of attraction {unknown}
 e - a potion of haste
 k - 4 potions of curing {unknown}
 n - 2 potions of might {unknown}
 o - a potion of invisibility {unknown}
 t - a potion of mutation {unknown}
 u - a potion of degeneration {unknown}
 w - a potion of heal wounds {unknown}


   Skills:
 - Level 3.0 Fighting
 - Level 2.0 Polearms
 - Level 2.0 Dodging
 - Level 10.1 Stealth
 + Level 1.3 Spellcasting
 + Level 0.3 Air Magic


You had 4 spell levels left.
You knew the following spells:

 Your Spells              Type           Power      Damage    Failure   Level
a - Swiftness             Air            1%         N/A       56%         3

Your spell library contained the following spells:

 Spells                   Type           Power      Damage    Failure   Level
 Ensorcelled Hibernation  Hex/Ice        0%         N/A       36%         2
 Passwall                 Tmut/Erth      0%         N/A       36%         2
 Wereblood                Tmut           0%         N/A       36%         2
 Irradiate                Conj/Tmut      0%         3d11      100%        5


Dungeon Overview and Level Annotations

Branches:
Dungeon (5/15)
 Temple: D:4-7

Altars:

Annotations:
D:3 Pargi


Innate Abilities, Weirdness & Mutations

You cannot wear most types of armour.
You are amphibious.
You can wear up to eight rings at the same time.
Your skin changes colour to match your surroundings (Stealth+).
Your rubbery body absorbs attacks. (AC +1, EV +1)
((You are camouflaged when in or above water. (Stealth+)))
You have tentacles for arms and can constrict up to eight enemies at once.


Message History

a +0 club; a goblin corpse
There is a stone staircase leading up here.
The kobold shouts!
The hobgoblin shouts!
A kobold comes into view. It is wielding a +0 short sword.
You closely miss the kobold. Your grab misses the kobold.
Your tentacle-slap misses the kobold.
Your squeeze misses the kobold. The kobold hits you but does no damage.
The kobold closely misses you. The hobgoblin hits you.
You barely miss the kobold. Your grab misses the kobold.
The hobgoblin hits you. The kobold closely misses you.
You slash the hobgoblin!
You kill the hobgoblin!
The kobold hits you with a +0 dagger.
You have reached level 6!
You barely miss the kobold. Your grab misses the kobold.
The kobold hits you with a +0 dagger. The kobold hits you but does no damage.
You slash the kobold!
You kill the kobold!
The kobold closely misses you.
You hit the kobold.
You kill the kobold!
An ogre comes into view. It is wielding a +0 giant club.
Things that are here:
a +0 short sword; 11 gold pieces; a kobold corpse
s - a ring of willpower (on tentacle)
The ogre shouts!
You slash the ogre!
The ogre is heavily wounded.
The ogre misses you.
You slash the ogre! Your squeeze misses the ogre.
The ogre is almost dead.
The ogre misses you.
You barely miss the ogre.
The ogre is almost dead.
The ogre hits you with a +0 giant club!
You completely miss the ogre.
The ogre is almost dead.
The ogre hits you with a +0 giant club!!
Ouch! That really hurt!
You die...

#.# # ... # #..##.
### .... ## .. . #..#
... ## .. #..# ...#
.[ ...###..###...#
#.......O..#
#......@...#
..###..###....# #..#
.#. ##..## ##))..##
.. #..##..##..##..##
..# #................
. ##.#
#####.##..#######[...
#. ##><).†....#


You could see an ogre.

Vanquished Creatures
  Terence (D:3)
  Natasha (thrice) (D:2)
  An orc wizard (D:4)
  4 adders
  A worm (D:2)
  A dart slug (D:2)
  An orc (D:3)
  7 ball pythons
  7 endoplasms
  2 giant cockroaches
  8 goblins
  3 hobgoblins
  2 jackals (D:4)
  9 kobolds
  5 quokkas
  3 bats
  3 rats
61 creatures vanquished.

Notes
Turn   | Place    | Note
-------+----------+-------------------------------------------
     0 | D:5      | Azuregosa the Octopode Delver began the quest for the Orb.
     0 | D:5      | Reached XP level 1. HP: 16/16 MP: 1/1
    23 | D:5      | Reached skill level 7 in Stealth
    23 | D:5      | Reached XP level 2. HP: 13/21 MP: 2/2
   157 | D:4      | Reached skill level 8 in Stealth
   157 | D:4      | Reached XP level 3. HP: 13/26 MP: 3/3
   463 | D:1      | Reached XP level 4. HP: 31/31 MP: 4/4
  1169 | D:2      | Noticed Natasha
  1173 | D:2      | Killed Natasha
  1174 | D:2      | Reached skill level 9 in Stealth
  1259 | D:2      | Reached XP level 5. HP: 35/36 MP: 5/5
  1702 | D:2      | Noticed Natasha
  1726 | D:2      | Killed Natasha
  1919 | D:2      | Noticed Natasha
  2059 | D:2      | Killed Natasha
  2060 | D:2      | Reached skill level 10 in Stealth
  2154 | D:3      | Noticed Terence
  2160 | D:3      | Killed Terence
  2161 | D:3      | Reached skill level 1 in Spellcasting
  2234 | D:3      | Learned a level 3 spell: Swiftness
  2252 | D:3      | Noticed Pargi
  2776 | D:4      | Reached XP level 6. HP: 38/42 MP: 7/7
  2788 | D:4      | Slain by an ogre

Illustrated notes

Levels and vault maps discovered:
D:1:      dpeg_arrival_fog, layout_loops_cross, serial_park_tiny_pond,
          chequers_big_river, wad_floor_pattern_untrapped, eino_curves_03
D:2:      layout_loops_ring, uniq_natasha
D:3:      layout_loops_ring, uniq_pargi, uniq_terence
D:4:      layout_loops_ring, palyth_stone_intersect, minmay_unequal,
          uniq_eustachio
D:5:      layout_gridville

Skill      XL: |  1  2  3  4  5 |
---------------+----------------+-----
Stealth        | 7 8 9 10 | 10.1
Spellcasting   | 1 |  1.3
Fighting       | |  3.0
Polearms       | |  2.0
Dodging        | |  2.0
Air Magic      | |  0.3

Action                     |  1- 3 |  4- 6 || total
---------------------------+-------+-------++-------
  Melee: Spear             |     4 |       ||     4
         Constrict         |     4 |    11 ||    15
         Long sword        |    17 |    73 ||    90
         Tentacles         |     2 |     4 ||     6
    Use: Scroll            |     2 |       ||     2
   Stab: Sleeping          |     1 |    18 ||    19
         Distracted        |     1 |       ||     1
 Armour: Skin              |    13 |    33 ||    46
  Dodge: Dodged            |    17 |    32 ||    49

Table legend: (Time is in decaauts)
 A = Elapsed time spent in this place.
 B = Non-inter-level travel time spent in this place.
 C = Inter-level travel time spent in this place.
 D = Time resting spent in this place.
 E = Time spent auto-exploring this place.
 F = Levels seen in this place.
 G = Mean time per level.
                   A        B        C        D        E       F      G
               +--------+--------+--------+--------+--------+-----+--------+
         Total |   2820 |   2816 |      4 |    312 |   1445 |   5 |  564.0 |
       Dungeon |   2820 |   2816 |      4 |    312 |   1445 |   5 |  564.0 |
               +--------+--------+--------+--------+--------+-----+--------+

Top non-repeatable levels by time:
     D:2: 1010 daAuts
     D:1: 706 daAuts
     D:3: 683 daAuts
     D:5: 242 daAuts
     D:4: 177 daAuts
